 Dungeon Crawl Stone Soup version 0.22.0-6-g71bd7aa6b3 (webtiles) character file.

6678 IceCat the Thaumaturge (level 10, -14/51 HPs)
             Began as a Deep Elf Ice Elementalist on Aug 15, 2018.
             Was an Elder of Sif Muna.
             Demolished by a komodo dragon (28 damage)
             ... on level 1 of the Lair of Beasts.
             The game lasted 01:08:53 (11543 turns).

IceCat the Thaumaturge (Deep Elf Ice Elementalist) Turns: 11543, Time: 01:08:55

Health: -14/51     AC: 10    Str:  5    XL:     10   Next: 73%
Magic:  0/27       EV: 14    Int: 24    God:    Sif Muna [****..]
Gold:   225        SH:  0    Dex: 18    Spells: 18/32 levels left

rFire    . . .     SeeInvis .   e - +0 dagger
rCold    + + .     Gourm    .   (no shield)
rNeg     . . .     Faith    .   K - +0 robe {rC+ rF+}
rPois    .         Spirit   .   a - +1 helmet
rElec    .         Reflect  .   x - +0 cloak
rCorr    .         Harm     .   E - +1 pair of gloves
MR       +....                  p - +2 pair of boots
Stlth    +++.......             (no amulet)
HPRegen  0.17/turn              G - ring of ice
MPRegen  0.20/turn              A - +3 ring of dexterity

@: no casting
A: no striking features
a: Stop Divine Energy, Channel Magic, Forget Spell, Renounce Religion


You were on level 1 of the Lair of Beasts.
You worshipped Sif Muna.
Sif Muna was greatly pleased with you.
You were hungry.

You visited 3 branches of the dungeon, and saw 12 of its levels.
You also visited: Sewer.

You collected 629 gold pieces.
You spent 404 gold pieces at shops.

Inventory:

Hand Weapons
 e - a +0 dagger (weapon)
 I - a +4 dagger of chaos
Armour
 a - a +1 helmet (worn)
 p - a +2 pair of boots (worn)
 x - a +0 cloak (worn)
 E - a +1 pair of gloves (worn)
 J - a +3 leather armour
 K - a +0 robe of resistance (worn)
Jewellery
 A - a +3 ring of dexterity (right hand)
 C - an uncursed ring of flight
 G - a ring of ice (left hand)
Wands
 i - a wand of enslavement (15)
 u - a wand of polymorph (9)
 w - a wand of iceblast (5)
 y - a wand of disintegration (14)
 F - a wand of paralysis (13)
Scrolls
 f - a scroll of fog
 h - 2 scrolls of fear
 m - 7 scrolls of teleportation
 q - 7 scrolls of remove curse
 r - 5 scrolls of identify
 s - 3 scrolls of amnesia
 v - a scroll of blinking
 L - a scroll of holy word {unknown}
 N - a scroll of magic mapping
Potions
 b - a potion of cancellation {unknown}
 d - 3 potions of mutation {unknown}
 g - a potion of magic {unknown}
 j - a potion of berserk rage {unknown}
 k - 4 potions of curing
 l - a potion of ambrosia {unknown}
 n - 2 potions of invisibility
 o - 2 potions of heal wounds {unknown}
 t - a potion of haste {unknown}
 z - 3 potions of brilliance
 B - 2 potions of degeneration {unknown}
 D - 2 potions of flight {unknown}
 H - a potion of resistance {unknown}
 M - a potion of agility
Comestibles
 c - 21 rations


   Skills:
 + Level 0.9 Fighting
 - Level 0.1 Short Blades
 + Level 3.7 Dodging
 + Level 4.1 Stealth
 + Level 11.7 Spellcasting
 + Level 6.8 Conjurations
 - Level 5.0 Charms
 - Level 5.0 Summonings
 + Level 10.0 Ice Magic
 * Level 5.6 Invocations


You had 18 spell levels left.
You knew the following spells:

 Your Spells              Type           Power        Failure   Level  Hunger
a - Freeze                Ice            ####         1%          1    None
b - Throw Frost           Conj/Ice       ######       1%          2    None
c - Throw Icicle          Conj/Ice       ######..     1%          4    None
d - Ozocubu's Armour      Chrm/Ice       ######..     1%          3    None
e - Summon Ice Beast      Ice/Summ       ######..     1%          4    None

Your spell library contained the following spells:

 Spells                   Type           Power        Failure   Level  Hunger


Dungeon Overview and Level Annotations

Branches:
Dungeon (10/15)            Temple (1/1) D:4            Lair (1/6) D:9
    Orc (0/2) D:10

Altars:
Ashenzari
Cheibriados
Dithmenos
Elyvilon
Fedhas
Gozag
Hepliaklqana
Kikubaaqudgha
Makhleb
Nemelex Xobeh
Okawaru
Qazlal
Ru
Sif Muna
Trog
Uskayaw
Vehumet
Wu Jian
Xom
Yredelemnul
Zin
The Shining One

Shops:
D:5 [   D:6 *


Message History

You hear an angry buzzing noise. x2
Your ice beast hits the komodo dragon but does no damage.
You hear an angry buzzing noise. x3
The komodo dragon closely misses you.
Your ice beast hits the komodo dragon.
Your ice beast freezes the komodo dragon!
The komodo dragon seems to slow down.
You regain access to your magic.
You hear an angry buzzing noise. x3
Your ice beast hits the komodo dragon but does no damage.
You swap places.
You hear an angry buzzing noise. x4
Your ice beast hits the komodo dragon.
Your ice beast freezes the komodo dragon!!
Casting: Summon Ice Beast (safe; 1% risk of failure)
Confirm with . or Enter, or press ? or * to list all spells.
You feel a surge of power! A chill wind blows around you.
Sif Muna grants you divine energy.
You briefly lose access to your magic!
The komodo dragon bites you!!
Ouch! That really hurt!
You die...

#########
##.......#
#P.......#
##.......####
#......l@...#
..../...Y.#....+
###.....Y.######
#.......#
#.......#
#.......#
#.......#
#.......#
###...###


You could see a komodo dragon and 2 friendly ice beasts.

Vanquished Creatures
  Psyche (D:9)
  Grinder (D:5)
  A hornet (D:9)
  A hippogriff (D:7)
  A vampire (D:9)
  Edmund (D:4)
  An orc warrior (D:7)
  A necrophage (D:9)
  A phantom (D:6)
  2 ogres
  2 eyes of draining (D:3)
  A centaur (D:10)
  7 big kobolds (Sewer)
  A crocodile (Lair:1)
  7 bullfrogs
  A scorpion (D:8)
  2 crimson imps
  2 bullfrog zombies
  A centaur zombie (D:6)
  2 jellies
  3 bullfrog skeletons
  2 orc priests (D:10)
  A centaur skeleton (D:6)
  4 worker ants
  Ijyb (D:4)
  Terence (D:2)
  5 orc wizards
  A hound zombie (D:5)
  A hound skeleton (D:7)
  2 gnolls (D:1)
  A howler monkey skeleton (D:8)
  12 adders
  6 river rats (Sewer)
  3 shadow imps
  6 oozes
  An adder skeleton (D:4)
  An adder zombie (D:9)
  3 worms (D:3)
  3 dart slugs
  3 leopard geckos
  10 orcs
  2 bat zombies
  6 giant cockroaches
  8 goblins
  10 hobgoblins
  20 jackals
  2 quokkas
  5 ball pythons
  3 bats
  4 frilled lizards
  A jackal skeleton (D:4)
  11 kobolds
  A quokka zombie (D:9)
  10 rats
  A rat zombie (D:2)
191 creatures vanquished.

Vanquished Creatures (collateral kills)
  2 two-headed ogres (D:9)
  Joseph (D:9)
  A merfolk (D:10)
  A spriggan (D:10)
  Eustachio (D:5)
  A human (D:10)
  3 hungry ghosts
  2 wargs (D:10)
  2 water moccasins (Lair:1)
  A sky beast (D:7)
  A black bear (D:8)
  2 ice beasts
  3 orc warriors
  An eye of draining (D:10)
  A necrophage (D:10)
  2 ogres
  Blork the orc (D:4)
  12 killer bees (Lair:1)
  4 wights (D:8)
  A bullfrog zombie (D:10)
  A jelly (D:6)
  5 orc wizards
  An iguana (D:7)
  3 killer bee zombies
  2 hound skeletons (D:6)
  2 howler monkey zombies (D:6)
  A worker ant zombie (D:6)
  Robin (D:4)
  3 gnolls (D:4)
  6 adders
  A leopard gecko (D:4)
  20 orcs
  A giant cockroach (D:10)
  3 goblins (D:4)
  3 hobgoblins (D:4)
  2 jackals
  A quokka (D:8)
  4 giant cockroach zombies
  A leopard gecko skeleton (D:6)
  A quokka zombie (D:6)
  A fungus (Lair:1)
106 creatures vanquished.

Vanquished Creatures (others)
  2 fungi (Lair:1)
  2 withered plants (D:6)
4 creatures vanquished.

Grand Total: 301 creatures vanquished

Notes
Turn   | Place    | Note
-------+----------+-------------------------------------------
     0 | D:1      | IceCat the Deep Elf Ice Elementalist began the quest for the Orb.
     0 | D:1      | Reached XP level 1. HP: 10/10 MP: 6/6
   389 | D:1      | Reached XP level 2. HP: 15/15 MP: 5/8
   393 | D:1      | Learned a level 2 spell: Throw Frost
   496 | D:1      | Reached XP level 3. HP: 19/19 MP: 0/9
   969 | D:2      | Noticed Terence
   981 | D:2      | Killed Terence
  1064 | D:2      | Reached skill level 4 in Spellcasting
  1064 | D:2      | Reached XP level 4. HP: 24/24 MP: 7/12
  1295 | D:2      | Learned a level 4 spell: Throw Icicle
  1385 | D:2      | Found an ancient bone altar of Kikubaaqudgha.
  1723 | D:3      | Noticed an ogre
  1901 | D:3      | Reached XP level 5. HP: 28/28 MP: 2/13
  1949 | D:3      | Found a glowing drain.
  1956 | Sewer    | Entered a sewer
  2059 | Sewer    | Reached skill level 5 in Spellcasting
  2059 | Sewer    | Reached skill level 5 in Ice Magic
  2322 | Sewer    | Reached XP level 6. HP: 25/32 MP: 0/16
  2532 | Sewer    | Reached skill level 6 in Spellcasting
  2713 | Sewer    | Reached XP level 7. HP: 35/36 MP: 0/18
  2891 | Sewer    | Reached skill level 7 in Spellcasting
  2970 | D:3      | Found a white marble altar of Elyvilon.
  3210 | D:3      | Learned a level 3 spell: Ozocubu's Armour
  3215 | D:3      | Learned a level 4 spell: Summon Ice Beast
  3411 | D:3      | Found a bloodstained altar of Trog.
  3418 | D:3      | Reached XP level 8. HP: 41/41 MP: 7/21
  3613 | D:4      | Reached skill level 1 in Charms
  3618 | D:4      | Found a shimmering altar of Xom.
  3749 | D:4      | Noticed Edmund
  3758 | D:4      | Noticed Ijyb
  3849 | D:4      | Killed Ijyb
  3849 | D:4      | Reached skill level 5 in Conjurations
  3902 | D:4      | Killed Edmund
  3902 | D:4      | Reached skill level 8 in Spellcasting
  3902 | D:4      | Reached skill level 1 in Summonings
  4014 | D:4      | Noticed Robin
  4633 | D:4      | Killed Robin
  4774 | D:4      | Found a staircase to the Ecumenical Temple.
  4774 | D:4      | Noticed Blork the orc
  4783 | Temple   | Entered the Ecumenical Temple
  4946 | Temple   | Became a worshipper of Sif Muna the Loreminder
  4966 | D:4      | Killed Blork the orc
  5097 | D:5      | Entered Level 5 of the Dungeon
  5295 | D:5      | Found Awiggo Xure's Antique Armour Boutique.
  5429 | D:5      | Noticed Eustachio
  5438 | D:5      | Killed Eustachio
  5818 | D:5      | Noticed Grinder
  5831 | D:5      | Killed Grinder
  5831 | D:5      | Reached skill level 9 in Spellcasting
  5909 | D:5      | Bought a pair of embroidered boots for 202 gold pieces
  6216 | D:6      | Reached * piety under Sif Muna
  6261 | D:6      | Reached XP level 9. HP: 45/45 MP: 3/24
  6756 | D:6      | Found Yrroac's General Store.
  7107 | D:7      | Reached skill level 1 in Invocations
  7419 | D:7      | Reached ** piety under Sif Muna
  8273 | D:8      | Reached skill level 10 in Spellcasting
  8313 | D:8      | Reached skill level 5 in Charms
  8600 | D:8      | Found a radiant altar of Vehumet.
  8600 | D:8      | Found a sacrificial altar of Ru.
  8824 | D:9      | Found a staircase to the Lair.
  9120 | D:9      | Reached skill level 5 in Summonings
  9220 | D:9      | Noticed a two-headed ogre
  9349 | D:9      | Killed a two-headed ogre
  9349 | D:9      | Reached XP level 10. HP: 51/51 MP: 15/26
  9410 | D:9      | Noticed Joseph
  9410 | D:9      | Noticed a two-headed ogre
  9450 | D:9      | Noticed Psyche
  9453 | D:9      | Killed a two-headed ogre
  9461 | D:9      | Killed Psyche
  9461 | D:9      | Reached skill level 11 in Spellcasting
  9479 | D:9      | Killed Joseph
  9479 | D:9      | Reached *** piety under Sif Muna
 10009 | D:5      | Bought a glowing helmet for 202 gold pieces
 10132 | D:10     | Entered Level 10 of the Dungeon
 10268 | D:10     | Found an opulent altar of Gozag.
 10358 | D:10     | Found an opulent altar of Gozag.
 10513 | D:10     | Reached skill level 5 in Invocations
 10645 | D:10     | Found a staircase to the Orcish Mines.
 11434 | Lair:1   | Entered Level 1 of the Lair of Beasts
 11489 | Lair:1   | Reached **** piety under Sif Muna
 11504 | Lair:1   | Reached skill level 10 in Ice Magic
 11529 | Lair:1   | HP: 2/51 [komodo dragon (12)]
 11543 | Lair:1   | Demolished by a komodo dragon

Skill      XL: |  1  2  3  4  5  6  7  8  9 10 |
---------------+-------------------------------+-----
Ice Magic      | 4 5 6 7 8 10 | 10.0
Spellcasting   | 4 5 6 7 9 10 11 | 11.7
Conjurations   | 2 3 4 5 6 |  6.8
Dodging        | 3 |  3.7
Stealth        | 3 4 |  4.1
Charms         | 4 5 |  5.0
Summonings     | 2 5 |  5.0
Invocations    | 4 5 |  5.6
Fighting       | |  0.9
Short Blades   | |  0.1

Action                   |  1- 3 |  4- 6 |  7- 9 | 10-12 || total
-------------------------+-------+-------+-------+-------++-------
Melee: Dagger            |       |    33 |     5 |     2 ||    40
 Cast: Freeze            |    15 |    43 |    50 |     6 ||   114
       Throw Frost       |    18 |    84 |   102 |     2 ||   206
       Throw Icicle      |       |       |    90 |    34 ||   124
       Summon Ice Beast  |       |       |    60 |    39 ||    99
Invok: Divine Energy     |       |       |     1 |       ||     1
  Use: Scroll            |       |     4 |     2 |     5 ||    11
       Potion            |       |       |       |     3 ||     3
  Eat: Chunk             |     1 |     5 |    25 |     6 ||    37
Armor: Robe              |       |    17 |    44 |    15 ||    76
Dodge: Dodged            |    10 |    62 |   128 |    34 ||   234
